 Dungeon Crawl Stone Soup version 0.17.1-1-g73c8601 (webtiles) character file.

22705 PerfectHorizon the Severer (level 12, -6/105 HPs)
             Began as a Minotaur Berserker on Jan 19, 2016.
             Was an Elder of Trog.
             Mangled by a ten-headed hydra (10 damage)
             ... on level 3 of the Lair of Beasts on Jan 22, 2016.
             The game lasted 01:26:51 (15945 turns).

PerfectHorizon the Severer (Minotaur Berserker)    Turns: 15945, Time: 01:26:51

Health: -6/105     AC: 18    Str: 27    XL:     12   Next: 65%
Magic:  3/3        EV:  8    Int:  4    God:    Trog [****..]
Gold:   950        SH:  6    Dex: 10    Spells: 0 memorised, 11 levels left

rFire  . . .     SeeInvis .     E - +1 broad axe (antimagic)
rCold  . . .     Clarity  .     z - +1 plate armour
rNeg   . . .     SustAt   .     y - +0 buckler
rPois  +         Gourm    .     (helmet restricted)
rElec  .         Spirit   .     (no cloak)
rCorr  .         Warding  .     (no gloves)
rMut   .         Stasis   .     a - +0 pair of boots
MR     .....                    (no amulet)
Stlth  ..........               (no ring)
                                p - ring of poison resistance

@: exhausted, slowed, very slow, not resistant to hostile enchantments,
extremely unstealthy
A: retaliatory headbutt, horns 2, wild magic 1
a: Berserk, Trog's Hand, Brothers in Arms, Burn Spellbooks, Renounce Religion


You were on level 3 of the Lair of Beasts.
You worshipped Trog.
Trog was greatly pleased with you.
You were not hungry.

You visited 3 branches of the dungeon, and saw 14 of its levels.

You collected 950 gold pieces.

Inventory:

Hand Weapons
 E - a +1 antimagic broad axe (weapon)
Armour
 a - a +0 pair of boots (worn)
 y - a +0 buckler (worn)
 z - a +1 plate armour (worn)
Jewellery
 p - a ring of poison resistance (left hand)
Wands
 b - a wand of digging (14)
 k - a wand of paralysis (7)
Scrolls
 c - 4 scrolls of remove curse
 f - a scroll of magic mapping
 h - 6 scrolls of teleportation
 i - a scroll of blinking
 j - 6 scrolls of fear
 l - 3 scrolls of identify
Potions
 d - a potion of mutation {unknown}
 e - 8 potions of haste
 g - 3 potions of brilliance
 m - a potion of invisibility
 n - a potion of resistance {unknown}
 o - a potion of magic {unknown}
 q - a potion of berserk rage {unknown}
 r - 3 potions of might {unknown}
 t - a potion of heal wounds {unknown}
 u - 3 potions of poison {unknown}
 w - a potion of flight


   Skills:
 + Level 9.4 Fighting
 - Level 18.0 Axes
 + Level 12.2 Armour
 - Level 2.1 Dodging
 + Level 9.0 Shields


You had 11 spell levels left.
You didn't know any spells.

Dungeon Overview and Level Annotations

Branches:
Dungeon (10/15)            Temple (1/1) D:7            Lair (3/8) D:9
  Swamp (0/4) Lair:3       Spider (0/4) Lair:3
    Orc: D:9-12

Altars:
Ashenzari
Cheibriados
Dithmenos
Elyvilon
Fedhas
Gozag
Kikubaaqudgha
Makhleb
Nemelex Xobeh
Okawaru
Qazlal
Ru
Sif Muna
Trog
Vehumet
Xom
Yredelemnul
Zin
The Shining One


Innate Abilities, Weirdness & Mutations

You reflexively headbutt those who attack you in melee.
You have a pair of horns on your head.
Your spells are a little harder to cast, but a little more powerful.


Message History

The ten-headed hydra bites you.
* * * LOW HITPOINT WARNING * * *
The ten-headed hydra bites you!
* * * LOW HITPOINT WARNING * * *
The ten-headed hydra bites you but does no damage.
Unknown command.
You feel a strong urge to attack something.
You are no longer berserk.
You are exhausted.
You feel yourself slow down.
The ten-headed hydra bites you but does no damage.
You block the ten-headed hydra's attack.
The ten-headed hydra bites you but does no damage. x2
The ten-headed hydra bites you.
* * * LOW HITPOINT WARNING * * *
You block the ten-headed hydra's attack.
The ten-headed hydra bites you.
* * * LOW HITPOINT WARNING * * *
The ten-headed hydra bites you!
You die...

#.......#...#......
#..................
#.......#.#........
##PP...##..........
##.....##...>..#P.
##....##......##.
###..###....P.##.
####......#...)..#..
#..@................
###.DP........>#......
#.%..####.#.....#.....
##....##..##..........
##..♣♣..#...#.......###
#..♣..♣...#.........#.#
#..♣..♣..##.#.......#..
#.♣♣..♣♣....##.....##.>
#.♣≈♣.≈♣....#....P..#..


You could see a ten-headed hydra.

Vanquished Creatures
  A hydra (Lair:2)
  Erica (D:9)
  A queen ant (Lair:3)
  An obsidian statue (D:10)
  An orange crystal statue (D:10)
  A wolf spider (Lair:3)
  A black mamba (Lair:1)
  10 spiny frogs
  A troll (D:9)
  A komodo dragon (Lair:1)
  A jumping spider (Lair:3)
  4 blink frogs (Lair:3)
  2 redbacks (Lair:3)
  3 deep elf magi (D:10)
  A hungry ghost (D:8)
  A steam dragon (Lair:3)
  Grum (D:9)
  A basilisk (Lair:3)
  4 hippogriffs
  7 wolves
  Menkaure (D:7)
  4 swamp worms (Lair:3)
  9 water moccasins
  2 wargs (D:9)
  2 ice beasts
  5 orc warriors
  4 soldier ants (Lair:3)
  2 porcupines
  A black bear (D:8)
  A sky beast (D:8)
  A necrophage (D:10)
  A spider (Lair:3)
  2 centaurs
  4 ogres
  2 phantoms
  4 crocodiles
  6 giant frogs
  Blork the orc (D:5)
  A scorpion (D:5)
  4 wights (D:8)
  10 killer bees
  An electric eel (Lair:3)
  3 hounds
  3 crimson imps
  4 giant frog skeletons
  3 centaur zombies
  7 orc priests
  Ijyb (D:3)
  4 iguanas
  Jessica (D:2)
  9 orc wizards
  20 worker ants
  A hound zombie (D:10)
  A worker ant zombie (D:5)
  Robin (D:4)
  18 adders
  25 river rats
  3 shadow imps
  2 adder zombies
  A worm (D:4)
  2 adder skeletons
  9 giant geckos
  36 orcs
  A ball python (D:1)
  9 giant cockroaches
  21 goblins
  21 hobgoblins
  8 jackals
  13 kobolds
  4 quokkas
  3 bats
  3 giant newts
  5 rats
  2 rat zombies (D:8)
  A fungus (Lair:2)
  2 plants
359 creatures vanquished.

Vanquished Creatures (collateral kills)
  2 hydras
2 creatures vanquished.

Vanquished Creatures (others)
  A goblin (D:2)
  A bat (D:2)
  A giant newt (D:2)
  2 fungi
  2 plants
7 creatures vanquished.

Grand Total: 368 creatures vanquished

Notes
Turn   | Place    | Note
--------------------------------------------------------------
     0 | D:1      | PerfectHorizon the Minotaur Berserker began the quest for the Orb.
     0 | D:1      | Reached XP level 1. HP: 19/19 MP: 0/0
    11 | D:1      | Reached skill level 4 in Axes
    96 | D:1      | Reached XP level 2. HP: 23/26 MP: 1/1
   570 | D:1      | Reached skill level 5 in Axes
   710 | D:1      | Reached ** piety under Trog
   710 | D:1      | Reached XP level 3. HP: 31/31 MP: 2/2
  1322 | D:2      | Reached skill level 6 in Axes
  1322 | D:2      | Reached XP level 4. HP: 39/39 MP: 3/3
  1335 | D:2      | Gained mutation: Your spells are a little harder to cast, but a little more powerful. [potion of beneficial mutation]
  1430 | D:2      | Noticed Jessica
  1455 | D:2      | Killed Jessica
  1634 | D:2      | Noticed Robin
  1727 | D:2      | Reached XP level 5. HP: 39/45 MP: 4/4
  1830 | D:2      | Reached *** piety under Trog
  1830 | D:2      | Reached skill level 7 in Axes
  2122 | D:3      | Noticed Ijyb
  2130 | D:3      | Killed Ijyb
  2587 | D:3      | Found a glowing silver altar of Zin.
  2587 | D:3      | Found a sparkling altar of Nemelex Xobeh.
  2743 | D:3      | Reached skill level 8 in Axes
  3074 | D:4      | Reached XP level 6. HP: 40/51 MP: 5/5
  3112 | D:4      | Reached **** piety under Trog
  3768 | D:4      | Reached skill level 9 in Axes
  3901 | D:4      | Noticed an ogre
  3907 | D:4      | Killed an ogre
  3907 | D:4      | Reached XP level 7. HP: 40/57 MP: 6/6
  3970 | D:4      | Killed Robin
  4168 | D:5      | Entered Level 5 of the Dungeon
  4230 | D:5      | Got a smoking war axe
  4358 | D:5      | Noticed Blork the orc
  4391 | D:4      | Identified the +2 war axe of the Crypt {freeze, Dex+4} (You found it on level 5 of the Dungeon)
  4401 | D:5      | Killed Blork the orc
  4401 | D:5      | Reached skill level 10 in Axes
  4785 | D:5      | Found a stormy altar of Qazlal.
  4828 | D:5      | Found a shimmering altar of Xom.
  5162 | D:6      | Reached skill level 11 in Axes
  5600 | D:6      | Reached XP level 8. HP: 40/64 MP: 7/7
  6027 | D:7      | Noticed Menkaure
  6042 | D:7      | Killed Menkaure
  6042 | D:7      | Reached skill level 12 in Axes
  6290 | D:7      | Found a staircase to the Ecumenical Temple.
  6304 | Temple   | Entered the Ecumenical Temple
  6643 | D:7      | Reached skill level 13 in Axes
  7105 | D:7      | Found a shimmering altar of Xom.
  7319 | D:8      | Reached XP level 9. HP: 70/70 MP: 8/8
  7326 | D:8      | Reached skill level 14 in Axes
  7334 | D:8      | Received a gift from Trog
  7942 | D:8      | Reached skill level 15 in Axes
  9211 | D:9      | Reached skill level 16 in Axes
  9348 | D:9      | Reached XP level 10. HP: 77/77 MP: 9/9
  9373 | D:9      | Found a staircase to the Lair.
  9613 | D:9      | Noticed Grum
  9649 | D:9      | Reached ***** piety under Trog
  9711 | D:9      | Reached skill level 18 in Axes
  9711 | D:9      | Reached XP level 11. HP: 82/82 MP: 10/10
  9842 | D:9      | Killed Grum
  9842 | D:9      | Received a gift from Trog
  9842 | D:9      | Reached skill level 1 in Shields
  9911 | D:9      | Noticed Erica
  9922 | D:9      | Killed Erica
 10127 | D:9      | You fall through a shaft!
 10127 | D:10     | Entered Level 10 of the Dungeon
 10248 | D:10     | Reached skill level 5 in Fighting
 10299 | D:10     | Noticed an obsidian statue
 10303 | D:10     | Noticed a sun demon
 10322 | D:10     | Killed an obsidian statue
 10567 | D:10     | Noticed an orange crystal statue
 10585 | D:10     | Killed an orange crystal statue
 10812 | Lair:1   | Entered Level 1 of the Lair of Beasts
 10822 | Lair:1   | Received a gift from Trog
 10836 | Lair:1   | Reached skill level 10 in Armour
 10871 | Lair:1   | Reached skill level 5 in Shields
 12556 | Lair:1   | Noticed an eight-headed hydra
 12566 | Lair:1   | Killed an eight-headed hydra
 12792 | Lair:2   | Noticed a seven-headed hydra
 12795 | Lair:2   | Noticed a seven-headed hydra
 12807 | Lair:2   | Killed a seven-headed hydra
 12807 | Lair:2   | Reached XP level 12. HP: 92/100 MP: 3/11
 12827 | Lair:2   | Killed an eight-headed hydra
 14610 | Lair:3   | Found a hole to the Spider Nest.
 15188 | Lair:3   | Found a staircase to the Swamp.
 15751 | Lair:3   | HP: 4/104 [swamp worm (8)]
 15927 | Lair:3   | Noticed a six-headed hydra
 15945 | Lair:3   | HP: 4/105 [ten-headed hydra (6)]
 15945 | Lair:3   | Mangled by a ten-headed hydra

Action                   |  1- 3 |  4- 6 |  7- 9 | 10-12 || total
-------------------------+-------+-------+-------+-------++-------
Melee: Hand axe          |   106 |   171 |    13 |       ||   290
       War axe           |       |       |   215 |   181 ||   396
       Broad axe         |       |       |       |   291 ||   291
Invok: Berserk           |     1 |     2 |     7 |     9 ||    19
       Trog's Hand       |       |     2 |       |     3 ||     5
       Brothers in Arms  |       |       |       |     5 ||     5
  Use: Scroll            |       |    10 |     4 |     5 ||    19
       Potion            |       |     1 |     3 |     5 ||     9
  Eat: Bread ration      |     1 |       |       |     5 ||     6
       Chunk             |       |     3 |    10 |     3 ||    16
       Fruit             |       |     1 |     4 |       ||     5
       Meat ration       |       |     1 |     2 |     1 ||     4
       Beef jerky        |       |       |     1 |     1 ||     2
       Pizza             |       |       |       |     2 ||     2
